 Dungeon Crawl Stone Soup version 0.31.0-11-ge490571c62 (console) character file.

Game seed: 7426923409515764596

43035 AlterAsc the Earth Mage (level 13, -5/63 HPs)
             Began as a Deep Elf Earth Elementalist on Feb 10, 2024.
             Was an Elder of Vehumet.
             Slain by a tengu warrior
             ... wielding a +0 dire flail
              (16 damage)
             ... on level 13 of the Dungeon on Feb 11, 2024.
             The game lasted 01:07:42 (22901 turns).

AlterAsc the Earth Mage (DEEE)                     Turns: 22901, Time: 01:07:43

Health: -5/63      AC: 13    Str:  5    XL:     13   Next: 88%
Magic:  2/30       EV: 13    Int: 26    God:    Vehumet [****..]
Gold:   1354       SH:  5    Dex: 15    Spells: 10/35 levels left

rFire   . . .        H - staff of earth
rCold   . . .        (no shield)
rNeg    . . .        O - +0 steam dragon scales
rPois   .            k - +2 hat
rElec   .            y - scarf {repulsion}
rCorr   .            L - +0 pair of gloves
SInv    +            S - +0 pair of boots
Will    +....        D - amulet of reflection
Stlth   ++           p - +4 ring of protection
HPRegen 0.30/turn    w - ring of see invisible
MPRegen 0.22/turn

%: repel missiles, reflection
@: no status effects
A: no striking features
a: Renounce Religion


You were on level 13 of the Dungeon.
You worshipped Vehumet.
Vehumet was greatly pleased with you.
You visited 4 branches of the dungeon, and saw 19 of its levels.

You collected 1637 gold pieces.
You spent 283 gold pieces at shops.

Inventory:

Hand Weapons
 P - a +2 dagger of distortion
Missiles
 n - 4 throwing nets
 Q - 5 curare-tipped darts
Armour
 b - an orb of guile
 i - a +0 buckler
 k - a +2 hat (worn)
 y - a scarf of repulsion (worn)
 G - the +2 leather armour of Shrieking Leaves {rPois rF+ Str+5 Dex-2}
   (You found it on level 7 of the Dungeon)

   Str+5:     It affects your strength (+5).
   Dex-2:     It affects your dexterity (-2).
   rF+:       It protects you from fire.
   rPois:     It protects you from poison
 L - a +0 pair of gloves (worn)
 O - +0 steam dragon scales (worn)
 S - a +0 pair of boots (worn)
Magical Staves
 H - a staff of earth (weapon)
Jewellery
 d - a ring of poison resistance
 p - a +4 ring of protection (left hand)
 w - a ring of see invisible (right hand)
 D - an amulet of reflection (around neck)
 J - a ring of willpower
 N - a ring of fire
 X - a ring of fire
Wands
 a - a wand of mindburst (5)
 t - a wand of flame (16)
 B - a wand of paralysis (15)
 C - a wand of polymorph (17)
 T - a wand of digging (6)
Scrolls
 e - 4 scrolls of amnesia
 g - 4 scrolls of vulnerability
 j - 3 scrolls of fog
 l - 2 scrolls of silence
 o - 2 scrolls of enchant armour
 s - 2 scrolls of enchant weapon
 u - 3 scrolls of noise
 v - 5 scrolls of poison
 x - 5 scrolls of revelation
 F - a scroll of butterflies
 I - 2 scrolls of immolation
 R - a scroll of brand weapon
 V - a scroll of blinking
Potions
 c - 5 potions of curing
 f - 4 potions of might {unknown}
 h - 2 potions of degeneration {unknown}
 m - 5 potions of lignification {unknown}
 q - 6 potions of mutation
 r - 5 potions of brilliance {unknown}
 z - a potion of ambrosia {unknown}
 A - a potion of magic
 E - a potion of attraction {unknown}
 K - a potion of resistance {unknown}
 M - a potion of heal wounds {unknown}
 U - 3 potions of invisibility {unknown}
 W - a potion of enlightenment {unknown}


   Skills:
 - Level 2.7 Dodging
 - Level 2.7 Stealth
 + Level 11.7 Spellcasting
 + Level 13.0 Conjurations
 + Level 19.8 Earth Magic
 - Level 7.0 Alchemy


You had 10 spell levels left.
You knew the following spells:

 Your Spells              Type           Power      Damage    Failure   Level
a - Sandblast             Erth           100%       2d20      0%          1
b - Stone Arrow           Conj/Erth      100%       3d13      0%          3
c - Brom's Barrelling Bo  Conj/Erth      100%       2d11      1%          4
d - Passwall              Erth           100%       N/A       0%          3
e - Petrify               Alch/Erth      91%        N/A       1%          4
f - Leda's Liquefaction   Alch/Erth      45%        N/A       1%          4
g - Bombard               Conj/Erth      50%        9d8       1%          6

Your spell library contained the following spells:

 Spells                   Type           Power      Damage    Failure   Level
 Magic Dart               Conj           100%       1d8       0%          1
 Foxfire                  Conj/Fire      100%       2x1d9     1%          1
 Shock                    Conj/Air       100%       1d9       1%          1
 Scorch                   Fire           30%        2d6       1%          2
 Static Discharge         Conj/Air       98%        3-8/arc   1%          2
 Dazzling Flash           Conj/Hex       98%        N/A       1%          3
 Mephitic Cloud           Conj/Alch/Air  49%        N/A       1%          3
 Flame Wave               Conj/Fire      49%        2d12      1%          4
 Apportation              Tloc           30%        N/A       3%          1
 Frozen Ramparts          Ice            30%        1d5       3%          3
 Blink                    Tloc           30%        N/A       6%          2
 Call Imp                 Summ           30%        N/A       6%          2
 Jinxbite                 Hex            30%        N/A       6%          2
 Alistair's Intoxication  Alch           34%        N/A       6%          5
 Yara's Violent Unravell  Hex/Alch       16%        3d8       7%          5
 Airstrike                Air            7%         2d(2-18)  11%         4
 Starburst                Conj/Fire      24%        6d8       11%         6
 Fugue of the Fallen      Necr           15%        N/A       12%         3
 Ozocubu's Armour         Ice            15%        N/A       12%         3
 Swiftness                Air            15%        N/A       12%         3
 Tukima's Dance           Hex            15%        N/A       12%         3
 Manifold Assault         Tloc           15%        N/A       36%         4
 Passage of Golubria      Tloc           15%        N/A       36%         4
 Summon Lightning Spire   Summ/Air       15%        N/A       36%         4
 Curse of Agony           Necr           15%        N/A       71%         5
 Metabolic Englaciation   Hex/Ice        7%         N/A       71%         5
 Silence                  Hex/Air        7%         N/A       71%         5
 Summon Forest            Summ/Tloc      7%         N/A       71%         5
 Summon Mana Viper        Hex/Summ       15%        N/A       71%         5
 Plasma Beam              Fire/Air       7%         2x1d18    78%         6
 Summon Cactus Giant      Summ           7%         N/A       99%         6


Dungeon Overview and Level Annotations

Branches:
Dungeon (14/15)            Temple (1/1) D:6            Lair (2/5) D:8
    Orc (2/2) D:10            Elf (0/3) Orc:2
  Swamp: Lair:2-3    Shoals: Lair:2-3     Snake: Lair:2-3    Spider: Lair:2-3
 Vaults: D:13-14

Altars:
Ashenzari
Cheibriados
Dithmenos
Elyvilon
Fedhas
Gozag
Hepliaklqana
Kikubaaqudgha
Makhleb
Nemelex Xobeh
Okawaru
Qazlal
Ru
Sif Muna
Trog
Uskayaw
Vehumet
Wu Jian
Xom
Yredelemnul
Zin
The Shining One

Shops:
D:4 (   D:6 ?   D:9 =   D:11 *   Orc:2 (!=[

Annotations:
D:1 2 transporters
D:5 3 runed translucent doors, Couri's ghost, novice OnWr; Mrcake's ghost, novice DgFi
Lair:2 Amaemon


Message History

The tengu warrior pecks you but does no damage.
You block the tengu warrior's attack. Magic courses through your body.
The tengu warrior hits you with a +0 dire flail!
You block the tengu warrior's attack. The tengu warrior claws you.
* * * LOW HITPOINT WARNING * * *
Casting: Petrify (safe; 1% risk of failure)
Confirm with . or Enter, or press ? or * to list all spells.
Aiming: Bombard (dangerous; 1% risk of failure)
Press: ? - help, Shift-Dir - straight line, f/p - tengu warrior
Aim: a tengu warrior, wielding a +0 dire flail and wearing a +0 ring mail (moderately wounded, 61% to hit)
You feel a surge of power!
The iron shot hits the tengu warrior!!!
The tengu warrior is almost dead.
The blast sends you backwards.
Casting: Bombard (dangerous; 1% risk of failure)
Confirm with . or Enter, or press ? or * to list all spells.
Aiming: Bombard (dangerous; 1% risk of failure)
Press: ? - help, Shift-Dir - straight line, f/p - tengu warrior
Aim: a tengu warrior, wielding a +0 dire flail and wearing a +0 ring mail (almost dead, 61% to hit)
You feel a surge of power!
The iron shot misses the tengu warrior.
The blast sends you backwards.
You are too injured to fight recklessly!
Casting: Bombard (dangerous; 1% risk of failure)
Confirm with . or Enter, or press ? or * to list all spells.
Aiming: Stone Arrow (safe; 0% risk of failure)
Press: ? - help, Shift-Dir - straight line, f/p - tengu warrior
Aim: a tengu warrior, wielding a +0 dire flail and wearing a +0 ring mail (almost dead, 61% to hit)
You feel a surge of power!
The stone arrow misses the tengu warrior.
The tengu warrior hits you with a +0 dire flail.
* * * LOW HITPOINT WARNING * * *
The tengu warrior pecks you.
* * * LOW HITPOINT WARNING * * *
The tengu warrior claws you but does no damage.
The tengu warrior attacks as it pursues you!
The tengu warrior completely misses you.
The tengu warrior closely misses you.
The tengu warrior claws you but does no damage.
The tengu warrior attacks as it pursues you!
The tengu warrior hits you with a +0 dire flail!
You die...

######### #.....<##.# #.#
#.......#######'######.####.#
...............># #......#
........#######.# ########
........###.....#########
........................#
#.....####..............#
'.......................#
#.....####.####.........#
#....#####'####.........#
...^.#.......##.@..|....#
.....#.......##.Q.......#
.#####.......##......##.# .#
#.......#.......##.# .#
#...............##.#########
.#
#########...###.##..........
.# #####.....##.############
## #.........##.#..........#
#.........##.##.#######.#
#.........##.##.# #.#
#####.....##.##.# #.#


You could see a tengu warrior.

Vanquished Creatures
  2 hydras
  3 ogre magi (Orc:2)
  2 boulder beetles
  11 two-headed ogres
  A centaur warrior (D:13)
  6 orc high priests (Orc:2)
  Sonja (Lair:2)
  2 orc knights
  A harpy (shapeshifter) (D:13)
  4 orc sorcerers
  2 deep elf pyromancers
  3 cyclopes
  4 ugly things
  A kobold blastminer (Orc:2)
  4 elephants
  5 cane toads
  A gargoyle (D:12)
  Maggie (Lair:1)
  5 kobold demonologists
  An efreet (D:13)
  A komodo dragon (Lair:1)
  A tengu conjurer (D:14)
  A polar bear (Lair:1)
  2 trolls
  7 blink frogs
  Sigmund (D:6)
  2 shadows
  10 yaks
  3 vampires
  4 wyverns
  3 steam dragons
  9 wargs
  2 basilisks
  3 acid dragons (D:11)
  10 water moccasins
  An ice beast (D:5)
  17 orc warriors
  4 black bears
  A sky beast (D:7)
  12 ogres
  11 centaurs
  5 wolves
  A phantom (D:7)
  A kobold brigand (D:9)
  6 bullfrogs
  2 scorpions
  7 wights
  3 killer bees
  3 howler monkeys
  An electric eel (Lair:1)
  25 orc priests
  A bombardier beetle (D:5)
  4 hounds
  A sleepcap (D:5)
  Jessica (D:3)
  Natasha (thrice) (D:3)
  6 iguanas
  16 orc wizards
  Robin (D:2)
  8 gnolls
  7 adders
  2 ufetubi (D:4)
  2 dart slugs
  2 ribbon worms
  82 orcs
  4 endoplasms
  3 giant cockroaches (D:1)
  18 goblins
  8 hobgoblins
  7 jackals
  8 quokkas
  5 ball pythons
  9 bats
  4 frilled lizards
  22 kobolds
  5 rats
448 creatures vanquished.

Vanquished Creatures (collateral kills)
  2 black bears (D:8)
  An orc (Orc:2)
  A kobold (D:7)
  29 boulders
33 creatures vanquished.

Vanquished Creatures (others)
  4 goblins (D:7)
  33 boulders
37 creatures vanquished.

Grand Total: 518 creatures vanquished

Notes
Turn   | Place    | Note
-------+----------+-------------------------------------------
     0 | D:1      | AlterAsc the Deep Elf Earth Elementalist began the quest
                  | for the Orb.
     0 | D:1      | Reached XP level 1. HP: 10/10 MP: 6/6
    26 | D:1      | Reached XP level 2. HP: 5/15 MP: 5/8
   385 | D:1      | Reached XP level 3. HP: 19/19 MP: 6/9
   854 | D:2      | Reached skill level 4 in Earth Magic
  1111 | D:2      | Found a burning altar of Makhleb.
  1377 | D:2      | Found a faded altar of an unknown god.
  1380 | D:2      | Noticed Robin
  1389 | D:2      | Reached XP level 4. HP: 24/24 MP: 3/10
  1491 | D:2      | Killed Robin
  2262 | D:3      | Noticed Natasha
  2268 | D:3      | Killed Natasha
  2269 | D:3      | Reached XP level 5. HP: 24/28 MP: 7/11
  2302 | D:3      | Noticed Natasha
  2304 | D:3      | Noticed Jessica
  2308 | D:3      | Killed Natasha
  2309 | D:3      | Reached skill level 5 in Earth Magic
  2310 | D:3      | Killed Jessica
  2360 | D:3      | Found a stormy altar of Qazlal.
  2360 | D:3      | Found a bloodstained altar of Trog.
  2517 | D:3      | Noticed Natasha
  2520 | D:3      | Killed Natasha
  2940 | D:4      | Found an ancient bone altar of Kikubaaqudgha.
  3049 | D:4      | Reached skill level 6 in Earth Magic
  3049 | D:4      | Reached XP level 6. HP: 25/32 MP: 6/12
  3093 | D:4      | Learned a level 3 spell: Stone Arrow
  3098 | D:4      | Learned a level 4 spell: Brom's Barrelling Boulder
  3105 | D:4      | Learned a level 3 spell: Passwall
  3162 | D:4      | Found Pittez's Weapon Emporium.
  3879 | D:5      | Entered Level 5 of the Dungeon
  3894 | D:5      | Reached skill level 7 in Earth Magic
  3961 | D:5      | Noticed an ice beast
  3969 | D:5      | Killed an ice beast
  3970 | D:5      | Reached XP level 7. HP: 25/36 MP: 1/13
  4141 | D:5      | Found a runed translucent gate.
  4141 | D:5      | Found a runed translucent gate.
  4142 | D:5      | Found a runed translucent gate.
  4153 | D:5      | Noticed Mrcake's ghost (novice DgFi)
  4153 | D:5      | Noticed Couri's ghost (novice OnWr)
  4196 | D:5      | Reached skill level 8 in Earth Magic
  4863 | D:6      | Reached skill level 9 in Earth Magic
  5112 | D:6      | Reached XP level 8. HP: 41/41 MP: 12/14
  5157 | D:6      | Found a staircase to the Ecumenical Temple.
  5166 | Temple   | Entered the Ecumenical Temple
  5184 | Temple   | Became a worshipper of Vehumet
  5250 | D:6      | Found Mayr's Magic Scroll Boutique.
  5257 | D:6      | Bought a scroll of identify for 28 gold pieces
  5270 | D:6      | Reached skill level 10 in Earth Magic
  5692 | D:6      | Noticed Sigmund
  5702 | D:6      | Killed Sigmund
  5847 | D:7      | Noticed a kobold demonologist
  5847 | D:7      | Noticed a kobold demonologist
  5849 | D:7      | Killed a kobold demonologist
  5850 | D:7      | Reached skill level 11 in Earth Magic
  5923 | D:7      | Reached skill level 12 in Earth Magic
  6043 | D:7      | Reached XP level 9. HP: 20/45 MP: 10/15
  6175 | D:7      | Identified the +2 leather armour of Shrieking Leaves {rPois
                  | rF+ Str+5 Dex-2}
  6266 | D:7      | Found a flagged portal.
  6416 | D:7      | Reached skill level 13 in Earth Magic
  6479 | D:7      | Noticed a soul eater
  6481 | D:7      | Noticed a rust devil
  6481 | D:7      | Killed a kobold demonologist
  6481 | D:7      | Reached * piety under Vehumet
  6481 | D:7      | Offered knowledge of Sting by Vehumet.
  7085 | D:8      | Reached skill level 14 in Earth Magic
  7482 | D:8      | Found a staircase to the Lair.
  7678 | D:8      | Reached skill level 5 in Spellcasting
  7678 | D:8      | Reached skill level 5 in Conjurations
  7678 | D:8      | Reached XP level 10. HP: 50/50 MP: 12/19
  8347 | D:8      | Learned a level 4 spell: Petrify
  8448 | D:9      | Found Sicidwegg's Jewellery Shoppe.
  8560 | D:9      | Found a shimmering altar of Xom.
  8564 | D:9      | Found a white marble altar of Elyvilon.
  8566 | D:9      | Found a glowing silver altar of Zin.
  8585 | D:9      | Reached skill level 1 in Alchemy
  8591 | D:9      | Reached skill level 15 in Earth Magic
  8825 | D:9      | Offered knowledge of Kiss of Death by Vehumet.
  8838 | D:9      | Reached ** piety under Vehumet
  9534 | D:9      | Noticed a smoke demon
  9621 | Lair:1   | Entered Level 1 of the Lair of Beasts
  9621 | Lair:1   | Noticed a cane toad
  9628 | D:8      | Killed a cane toad
  9822 | Lair:1   | Reached skill level 5 in Alchemy
  9928 | Lair:1   | Noticed Maggie
  9939 | Lair:1   | Reached skill level 16 in Earth Magic
  9939 | Lair:1   | Reached XP level 11. HP: 54/54 MP: 7/20
 10162 | Lair:1   | Killed Maggie
 10897 | Lair:1   | Offered knowledge of Inner Flame by Vehumet.
 11248 | Lair:1   | Reached skill level 17 in Earth Magic
 11748 | Lair:2   | Noticed a four-headed hydra
 11782 | Lair:2   | Killed a four-headed hydra
 11919 | Lair:2   | Reached *** piety under Vehumet
 12280 | Lair:2   | Noticed Sonja
 12315 | Lair:2   | Killed Sonja
 13112 | Lair:2   | Noticed Amaemon
 13282 | D:9      | Noticed a sixfirhy
 13284 | D:9      | Noticed a sun demon
 13751 | D:10     | Entered Level 10 of the Dungeon
 13929 | D:10     | Reached XP level 12. HP: 46/59 MP: 21/25
 13984 | D:10     | Found a staircase to the Orcish Mines.
 14403 | D:11     | Noticed a two-headed ogre
 14411 | D:11     | Killed a two-headed ogre
 14552 | D:11     | Noticed a two-headed ogre
 14641 | D:11     | Offered knowledge of Fulminant Prism by Vehumet.
 14643 | D:11     | Noticed a two-headed ogre
 14647 | D:11     | Killed a two-headed ogre
 14657 | D:11     | Killed a two-headed ogre
 14761 | D:11     | Noticed a boulder beetle
 14928 | D:11     | Killed a boulder beetle
 15057 | D:11     | Learned a level 4 spell: Leda's Liquefaction
 15124 | D:11     | Reached skill level 18 in Earth Magic
 15497 | D:11     | Found Kumnuil's Serpentskin Sales.
 15665 | Orc:1    | Entered Level 1 of the Orcish Mines
 15902 | Orc:1    | Noticed a two-headed ogre
 15907 | Orc:1    | Killed a two-headed ogre
 15908 | Orc:1    | Reached skill level 10 in Conjurations
 16129 | Orc:1    | Reached **** piety under Vehumet
 16268 | Orc:1    | Offered knowledge of Volatile Blastmotes by Vehumet.
 16892 | Orc:2    | Entered Level 2 of the Orcish Mines
 16899 | Orc:2    | Noticed an orc high priest
 16906 | Orc:2    | Killed an orc high priest
 17098 | Orc:2    | Reached skill level 19 in Earth Magic
 17214 | Orc:2    | Found a shimmering altar of Xom.
 17671 | Orc:2    | Noticed an orc high priest
 17769 | Orc:2    | Reached ***** piety under Vehumet
 17774 | Orc:1    | Offered knowledge of Bombard by Vehumet.
 17782 | Orc:1    | Learned a level 6 spell: Bombard
 17974 | Orc:2    | Noticed an orc high priest
 18178 | Orc:2    | Killed an orc high priest
 18178 | Orc:2    | Noticed an orc high priest
 18335 | Orc:2    | Killed an orc high priest
 18341 | Orc:2    | Killed an orc high priest
 18454 | Orc:2    | Found Meopnat's Antique Weapon Shoppe.
 18462 | Orc:2    | Noticed an orc high priest
 18465 | Orc:2    | Killed an orc high priest
 18573 | Orc:2    | Reached XP level 13. HP: 63/63 MP: 24/27
 18782 | Orc:2    | Found a staircase to the Elven Halls.
 19175 | Orc:2    | Found Biekkaol's Jewellery Emporium.
 19176 | Orc:2    | Found Kuoduk Kydu's Distillery.
 19193 | Orc:2    | Bought a ring of see invisible for 255 gold pieces
 19285 | Orc:2    | Reached skill level 10 in Spellcasting
 19895 | Orc:2    | Found Ceog's Antique Armour Shoppe.
 20679 | D:12     | You fall into a shaft and drop 1 floor!
 22901 | D:13     | Slain by a tengu warrior

Illustrated notes

Levels and vault maps discovered:
D:1:      spicycebolla_arrival_transporter_tutorial, layout_rooms
D:2:      layout_basic, basic_altar, hellmonk_ecumenical_altar_crossroads,
          uniq_robin
D:3:      wad_lake_hut, layout_basic, gammafunk_temple_overflow_wave,
          uniq_jessica, uniq_natasha
D:4:      layout_loops_ring, kiku_gazebo_pond_becter, serial_shops, shop,
          grunt_ministairs_11
D:5:      layout_gridville, gammafunk_ghost_cemetery,
          nicolae_kite_square_tiling_tiny
D:6:      layout_layer_cave, minmay_temple_entry_stoned_glass, serial_shops,
          shop, sigmund_army
D:7:      layout_layer_cave, enter_bailey_5
D:8:      layout_basic, minmay_lair_entry_grove
D:9:      layout_long_grid, chequers_temple_overflow_statue_of_worship,
          brannock_xom_greatest_gift, serial_shops, shop, dk_noncrumbling_4,
          reono_crystal_passage
D:10:     layout_roguey, orc_0_dummy
D:11:     layout_rooms, guppyfry_shop_venom
D:12:     wander_river, layout_rooms
D:13:     layout_basic, lemuel_another_geyser
D:14:     layout_rooms, erik_vaults_1, minmay_fountain_box, ebering_ghost_gozag,
          nicolae_letterblocks [nicolae_letter_subblock,
          nicolae_letter_subblock, nicolae_letter_subblock,
          nicolae_letter_subblock, nicolae_letter_subblock,
          nicolae_letter_subblock, nicolae_letter_subblock,
          nicolae_letter_subblock, nicolae_letter_subblock,
          nicolae_letter_subblock, nicolae_letter_subblock,
          nicolae_letter_subblock, nicolae_letter_subblock,
          nicolae_letter_subblock, nicolae_letter_subblock,
          nicolae_letter_subblock, nicolae_letter_subblock,
          nicolae_letter_subblock, nicolae_letter_subblock,
          nicolae_letter_subblock, nicolae_letter_subblock,
          nicolae_letter_subblock, nicolae_letter_subblock,
          nicolae_letter_subblock, nicolae_letter_subblock], uniq_louise,
          uniq_rupert
Temple:   nicolae_temple_superstar
Lair:1:   layout_layer_cave, lemuel_fruit_tree, infiniplex_staircase_pool,
          serial_bayou_shore_a, grunt_megastairs_3, serial_bayou_shore_b,
          uniq_maggie
Lair:2:   layout_cave_pods, grunt_forest_large_clearings,
          infiniplex_staircase_pool_2, uniq_sonja, uniq_amaemon
Orc:1:    layout_diamond_mine, basic_altar, minmay_orc_barracks
Orc:2:    st_orc_town, layout_caves, serial_shops, shop, basic_altar,
          nicolae_orc_damp_corner

Skill      XL: |  1  2  3  4  5  6  7  8  9 10 11 12 13 |
---------------+----------------------------------------+-----
Conjurations   | 2 3 4 5 7 8 10 13 | 13.0
Earth Magic    | 4 6 7 9 12 14 16 17 19 | 19.8
Spellcasting   | 5 7 8 11 | 11.7
Alchemy        | 5 6 7 |  7.0
Dodging        | |  2.7
Stealth        | |  2.7

Action                     |  1- 3 |  4- 6 |  7- 9 | 10-12 | 13-15 || total
---------------------------+-------+-------+-------+-------+-------++-------
  Melee: Unarmed           |       |       |       |     2 |       ||     2
         Staff             |       |       |       |       |    13 ||    13
   Cast: Sandblast         |    71 |    92 |    96 |   251 |    21 ||   531
         Stone Arrow       |       |     5 |       |   177 |    93 ||   275
         Brom's Barrelling |       |     1 |    16 |    66 |    24 ||   107
         Passwall          |       |       |       |     1 |       ||     1
         Petrify           |       |       |       |     7 |     1 ||     8
         Bombard           |       |       |       |    12 |    34 ||    46
  Evoke: Wand              |       |       |       |     2 |       ||     2
    Use: Potion            |     1 |       |       |     1 |     3 ||     5
         Scroll            |       |       |     9 |    14 |     3 ||    26
 Armour: Robe              |    20 |    22 |    25 |       |       ||    67
         Leather armour    |       |       |    12 |    26 |       ||    38
         Steam dragon scal |       |       |       |   221 |    85 ||   306
  Dodge: Dodged            |    29 |    21 |    47 |   215 |    51 ||   363
         Repelled          |       |       |     1 |     2 |     1 ||     4
  Block: Other             |       |       |       |    34 |    19 ||    53
         Reflection        |       |       |       |     6 |     4 ||    10
